 Dungeon Crawl Stone Soup version 0.14-a0-3134-g2c86dbf (webtiles) character file.

125260 PolkaDot the Maledictor (level 16, -3/103 HPs)
             Began as a Vampire Enchanter on Mar 6, 2014.
             Was the Champion of Dithmenos.
             Slain by a raven (5 damage)
             ... created by a shambling mangrove
             ... on Level 3 of the Swamp on Mar 8, 2014.
             The game lasted 03:40:30 (25766 turns).

PolkaDot the Maledictor (Vampire Enchanter)        Turns: 25766, Time: 03:40:30

HP  -3/103       AC  0     Str  4      XL: 16   Next: 39%
MP  13/25        EV 21     Int 17      God: Dithmenos [******]
Gold 668         SH  0     Dex 24      Spells:  6 memorised,  2 levels left

rFire  . . .     SeeInvis +     R - melded +7 dagger "Leots" {venom, +Inv rN+}
rCold  + + .     Clarity  +     N - melded +4 steam dragon armour
rNeg   + + +     Conserve .     H - melded +1 buckler {rC+}
rPois  +         rCorr    .     k - melded +0 helmet {Int+3}
rElec  .         rRot     +     I - melded +2 cloak {rCorr, Cons}
SustAb . .       Spirit   .     (gloves currently unavailable)
rMut   .         Warding  .     v - melded +0 pair of boots (curse)
Saprov . . .     Stasis   .     F - amulet of clarity
MR     +....                    l - melded ring of Shaolin {EV+8}
                                J - melded +2 ring of dexterity

@: bat-form, burdened, non-regenerating, flying, studying Armour, very slightly
contaminated, wreathed by umbra, very quick, somewhat resistant to hostile
enchantments, uncannily stealthy
A: bottle blood, (fangs 0), see invisible, strong 1, (unbreathing)
a: Bottle Blood, End Transformation, Shadow Step, Shadow Form, Renounce Religion


You were on level 3 of the Swamp.
You worshipped Dithmenos.
Dithmenos was exalted by your worship.
You were encumbered.
You were bloodless.
You were in vampire bat-form.
You visited 4 branches of the dungeon, and saw 28 of its levels.
You also visited: Labyrinth and Ice Cave.

You collected 2338 gold pieces.
You spent 1670 gold pieces at shops.

Inventory:

Hand weapons
 a - a +2,+1 dagger of electrocution
 b - a +1,+2 cutlass of speed
 R - the +7,+7 dagger "Leots" (melded) {venom, +Inv rN+}
   (You found it on level 14 of the Dungeon)

   It poisons the flesh of those it strikes.
   It protects you from negative energy.
   It lets you turn invisible.
Armour
 k - a +0 helmet of intelligence (melded)
 v - a cursed +0 pair of boots (melded)
 H - a +1 buckler of cold resistance (melded)
 I - a +2 cloak of preservation (melded)
 N - a +4 steam dragon armour (melded)
 W - the cursed +8 chain mail of the Heron {+Rage Stlth}
   (You found it on level 15 of the Dungeon)

   It lets you go berserk.
   It makes you more stealthy.
   It has a curse placed upon it.
Magical devices
 n - a wand of paralysis (8)
 w - a wand of digging (7)
Scrolls
 c - a scroll of amnesia
 d - a scroll of fog
 e - 2 scrolls of identify
 h - 3 scrolls of recharging
 p - 3 scrolls of blinking
 q - a scroll of remove curse
 t - 4 scrolls of teleportation
 u - a scroll of silence
 y - 2 scrolls of magic mapping
 B - 2 scrolls of summoning
 D - 2 scrolls of fear
 P - a scroll of torment
Jewellery
 l - the ring of Shaolin (melded) {EV+8}
   (You found it in an ice cave)

   [ring of evasion]

   It affects your evasion (+8).
 F - an amulet of clarity (around neck)
 J - a +2 ring of dexterity (melded)
Potions
 f - a potion of agility
 i - 3 potions of restore abilities
 j - a potion of resistance
 m - a potion of lignification
 o - 2 potions of invisibility
 r - 2 potions of heal wounds
 s - a potion of might
 z - 3 potions of curing
 G - 7 potions of brilliance
Books
 g - a book of Wizardry

   Spells                             Type                      Level
   Summon Elemental                   Summoning                    4
   Agony                              Necromancy                   5
   Force Lance                        Conjuration                  5
   Haste                              Charms                       6
   *Invisibility                      Hexes                        6
   Spellforged Servitor               Conjuration/Summoning        7
 A - a book of Beasts

   Spells                             Type                      Level
   Summon Butterflies                 Summoning                    1
   Call Canine Familiar               Summoning                    3
   Summon Ice Beast                   Ice/Summoning                4
   Monstrous Menagerie                Summoning                    6
   Summon Mana Viper                  Hexes/Summoning              5
   Summon Hydra                       Summoning                    7
 L - a book of the Dragon

   Spells                             Type                      Level
   *Flight                            Charms/Air                   3
   Cause Fear                         Hexes                        4
   Bolt of Fire                       Conjuration/Fire             6
   Dragon Form                        Transmutation                7
   Dragon's Call                      Summoning                    9
 M - a Necronomicon {highlevel, unknown}

   This book is beyond your current level of understanding.

   Spells                             Type                      Level
   Haunt                              Necromancy/Summoning         7
   Borgnjor's Revivification          Necromancy                   8
   Death's Door                       Charms/Necromancy            8
   Necromutation                      Transmutation/Necromancy     8
 Q - a manual of Armour


   Skills:
 - Level 2.9 Fighting
 - Level 12.2 Short Blades
 - Level 0.7 Throwing
 * Level 10.5 Armour
 - Level 2.2 Dodging
 + Level 21.4 Stealth
 - Level 5.1 Shields
 + Level 3.6 Spellcasting
 - Level 23.4 Hexes
 - Level 10.1 Charms


You had 2 spell levels left.
You knew the following spells:

 Your Spells              Type           Power        Failure   Level  Hunger
b - Sure Blade            Hex/Chrm       ######....   1%          2    ##.....
c - Confuse               Hex            ######..     1%          3    ###....
d - Ensorcelled Hibernat  Hex/Ice        #####.       2%          2    ##.....
e - Enslavement           Hex            ######..     1%          4    ####...
i - Invisibility          Hex            ######..     2%          6    #######
F - Flight                Chrm/Air       ###.......   24%         3    ###....


Dungeon Overview and Level Annotations

Branches:
Dungeon (16/16)            Temple (1/1) D:4             Orc (0/4) D:11
   Lair (8/8) D:11          Swamp (3/5) Lair:3        Snake (0/5) Lair:5
  Slime (0/6) Lair:6       Vaults (0/5) D:14         Depths (0/6) D:16

Altars:
Ashenzari
Dithmenos
Elyvilon
Fedhas
Kikubaaqudgha
Makhleb
Okawaru
Sif Muna
Trog
Vehumet
Xom
Yredelemnul
Zin
The Shining One
Jiyva

Shops:
D:5 *:=   D:6 *   D:7 *   D:16 *

Annotations:
D:15 exclusion: ice statue


Innate Abilities, Weirdness & Mutations

You do not heal naturally.
You can bottle blood from corpses.
((You have razor-sharp teeth.))*
You have supernaturally acute eyesight.
((You can survive without breathing.))*
Your muscles are strong. (Str +2)


Message History

Your +1 buckler of cold resistance melds into your body.
You catch a bit of a chill.
Your +4 steam dragon armour melds into your body.
Your +2 ring of dexterity melds into your body.
You feel clumsy.
The ring of Shaolin {EV+8} melds into your body.
You are being weighed down by all of your possessions.
The vampire mosquito completely misses you.
The raven pecks you.
* * * LOW HITPOINT WARNING * * *
The raven completely misses you.
The spriggan rider hits you from afar with a spear!
* * * LOW HITPOINT WARNING * * *
You emit a cloud of dark smoke.
The vampire mosquito completely misses you.
The raven misses you. The raven barely misses you.
The spriggan rider hits you from afar with a spear.
* * * LOW HITPOINT WARNING * * *
The raven completely misses you. The raven claws you.
You die...

♣....♣♣♣P§.§F§.≈♣♣
♣.≈≈≈≈♣♣itF§§§≈♣♣≈
♣♣.≈≈≈≈.§.§i§§§....
♣§.≈≈≈≈.biyt.§§≈♣§♣
♣.≈§§§..≈≈≈...≈≈≈≈
♣§≈§§≈≈.≈≈.≈≈%≈≈≈ ♣♣♣♣♣
♣§i§§♣♣♣♣♣≈.≈≈≈≈≈
S≈≈≈≈≈≈♣♣ybi≈♣♣...♣>...≈≈
.≈≈≈≈≈≈§bb§§≈.♣♣≈{♣≈..≈≈≈
..≈≈≈≈≈≈§§♣.≈≈≈≈≈≈≈.≈≈≈≈≈
..≈≈≈≈≈...≈≈.♣.≈≈≈≈≈≈≈≈≈
.≈≈≈≈≈≈≈..≈≈♣♣≈≈≈≈≈.≈≈≈≈
..≈≈≈≈≈≈≈..?♣♣♣..≈≈.≈≈≈.
≈≈≈≈♣≈≈≈..♣♣ ♣♣♣♣.<≈≈≈≈
.≈≈≈♣≈≈.♣♣ ♣≈≈≈≈≈≈.♣
.≈≈≈≈..♣ ♣.≈≈≈≈.≈♣ ≈≈.
≈.≈≈≈≈≈≈≈♣


You could see 2 spriggan riders, 2 ravens, a water moccasin (wandering) and a
vampire mosquito.

Vanquished Creatures
  Maud (D:16)
  The ghost of Econoterrorist the Blocker, a mighty GrFi of Okawaru (Swamp:1)
  Louise (Swamp:2)
  The ghost of surr the Nimble, a powerful SpWz of Okawaru (D:16)
  The ghost of pacovf the Spry, a powerful KoBe of Trog (D:13)
  Snorg (D:14)
  A yaktaur captain (D:15)
  A minotaur (Lab)
  Harold (D:11)
  3 ice dragons
  Nessos (D:13)
  2 shambling mangroves
  8 hydras
  2 dancing weapons (D:14)
  2 alligators (Swamp:1)
  9 death yaks
  An ogre mage (D:15)
  6 centaur warriors
  4 tengu warriors
  A very ugly thing (D:16)
  A swamp dragon (Swamp:1)
  3 unseen horrors
  8 hill giants
  A wizard (D:15)
  A red wasp (Swamp:2)
  3 cyclopes
  A manticore (D:13)
  A draconian (shapeshifter) (D:16)
  A wolf spider (D:15)
  The ghost of Mrmini231 the Chiller, an experienced DsIE of Makhleb (D:6)
  A guardian serpent (D:14)
  3 orc knights
  4 octopodes
  4 black mambas
  23 spiny frogs
  An item mimic (D:9)
  2 feature mimics
  Psyche (D:8)
  A queen ant (Lair:6)
  4 fire drakes
  A centaur zombie (D:15)
  9 komodo dragons
  3 polar bears (D:13)
  Grinder (D:6)
  A tengu conjurer (D:16)
  4 yaktaurs (D:15)
  A two-headed ogre (D:13)
  2 giant fireflies
  5 giant leeches
  3 spriggans
  4 trolls
  A hydra skeleton (D:13)
  6 ravens
  2 baby alligators (Swamp:1)
  2 molten gargoyles (Lair:7)
  29 blink frogs
  A basilisk (Lair:1)
  A thorn lotus (Swamp:2)
  A grizzly bear (Lair:5)
  A water elemental (D:12)
  3 vampires
  2 shadows
  22 slime creatures
  3 wyverns
  14 sharks
  A fire dragon skeleton (D:15)
  71 yaks
  Eustachio (D:6)
  11 ugly things
  An elf zombie (D:16)
  7 fire bats (Lair:7)
  11 hippogriffs
  2 wraiths
  Grum (D:10)
  A hill giant skeleton (D:13)
  5 hungry ghosts
  18 vampire mosquitoes
  10 soldier ants
  2 centaur simulacra (D:13)
  A gargoyle (D:9)
  16 wolves
  A fire elemental (Lair:7)
  8 swamp worms
  5 nagas (Lair:5)
  15 water moccasins
  4 swamp drakes
  10 orc warriors
  9 porcupines
  6 sky beasts
  A human skeleton (D:14)
  2 yellow wasps
  2 black bears
  30 ice beasts
  20 centaurs
  11 giant goldfish
  4 lava worms
  13 crocodiles
  A boring beetle (Lair:6)
  9 ogres
  Duvessa (D:5)
  12 giant slugs
  11 insubstantial wisps (Swamp:1)
  2 big kobolds
  46 giant frogs
  11 scorpions
  A hippogriff zombie (D:9)
  A yak zombie (D:13)
  15 wights
  An eye of draining (D:13)
  5 killer bees
  3 goliath beetles
  17 electric eels
  A lava snake (Lair:7)
  Dowan (D:5)
  A giant frog zombie (D:11)
  A yaktaur simulacrum (D:15)
  8 crimson imps
  4 jellies
  2 quasits
  10 hounds
  A giant frog skeleton (D:10)
  3 centaur skeletons
  A cyclops simulacrum (D:13)
  A two-headed ogre zombie (D:8)
  3 orc priests
  8 iguanas
  12 big fish
  17 orc wizards
  33 worker ants
  A killer bee zombie (D:11)
  A shapeshifter simulacrum (D:13)
  17 sheep
  A giant frog simulacrum (D:13)
  Jessica (D:5)
  2 boggarts (D:15)
  2 hound skeletons
  2 worker ant zombies
  3 mummies
  28 adders
  52 green rats
  2 giant mites
  An inept feature mimic (D:5)
  3 white imps
  5 worms
  A goliath beetle zombie (D:5)
  2 ufetubi (D:13)
  2 giant eyeballs
  3 giant geckos
  An ooze (D:2)
  51 orcs
  A bat zombie (D:6)
  8 giant cockroaches
  14 goblins
  16 hobgoblins
  20 jackals
  14 quokkas
  A ball python (D:5)
  22 bats
  A giant gecko skeleton (D:5)
  2 giant newts
  4 giant spores
  A goblin skeleton (D:4)
  25 kobolds
  2 kobold zombies
  An orc skeleton (D:6)
  16 rats
  A rat skeleton (D:5)
  2 ballistomycetes (D:9)
1110 creatures vanquished.

Vanquished Creatures (collateral kills)
  A hill giant (D:14)
  A two-headed ogre (D:15)
  2 ogres (D:15)
  A yellow wasp (Swamp:2)
5 creatures vanquished.

Vanquished Creatures (others)
  A boggart (D:15)
  3 fungi
  6 plants
10 creatures vanquished.

Grand Total: 1125 creatures vanquished

Notes
Turn   | Place    | Note
--------------------------------------------------------------
     0 | D:1      | PolkaDot, the Vampire Enchanter, began the quest for the Orb.
     0 | D:1      | Reached XP level 1. HP: 13/13 MP: 3/3
   399 | D:1      | Reached XP level 2. HP: 14/20 MP: 2/4
   661 | D:1      | Found an iron altar of Okawaru.
   672 | D:1      | Reached skill level 1 in Fighting
  1022 | D:1      | Reached XP level 3. HP: 16/26 MP: 6/6
  1292 | D:2      | Upgraded the game from 0.14-a0-2986-gd1872aa to 0.14-a0-3109-ga7442b6
  1481 | D:2      | Learned a level 3 spell: Confuse
  1648 | D:2      | Found a blossoming altar of Fedhas.
  1765 | D:2      | Reached XP level 4. HP: 32/32 MP: 1/7
  2043 | D:3      | Reached skill level 5 in Hexes
  2219 | D:3      | Reached skill level 5 in Stealth
  2376 | D:3      | Reached XP level 5. HP: 34/37 MP: 5/9
  2544 | D:3      | Reached skill level 6 in Hexes
  2749 | D:4      | Found a staircase to the Ecumenical Temple.
  2754 | Temple   | Entered the Ecumenical Temple
  2956 | Temple   | Became a worshipper of Dithmenos
  3340 | D:4      | Reached skill level 7 in Hexes
  3375 | D:4      | Paralysed by a giant eyeball for 3 turns
  3461 | D:4      | Reached XP level 6. HP: 40/43 MP: 10/10
  3671 | D:4      | Found a shimmering altar of Xom.
  3917 | D:5      | Entered Level 5 of the Dungeon
  3917 | D:5      | Noticed Dowan
  3920 | D:5      | Noticed Duvessa
  3950 | D:5      | Killed Duvessa
  3974 | D:5      | Killed Dowan
  3974 | D:5      | Reached skill level 8 in Hexes
  4108 | D:5      | Reached XP level 7. HP: 48/48 MP: 12/12
  4120 | D:5      | Found Saclulat's Book Shoppe.
  4193 | D:5      | Reached skill level 9 in Hexes
  4198 | D:5      | Found Cheaf's General Store.
  4205 | D:5      | Bought a potion of paralysis for 10 gold pieces
  4205 | D:5      | Bought a scroll of holy word for 75 gold pieces
  4205 | D:5      | Bought a potion of might for 25 gold pieces
  4368 | D:5      | Reached skill level 10 in Hexes
  4465 | D:5      | Found Thryaqoerch's Jewellery Boutique.
  4536 | D:5      | Noticed Jessica
  4545 | D:5      | Learned a level 6 spell: Invisibility
  4552 | D:5      | Killed Jessica
  4554 | D:5      | Found a deep blue altar of Sif Muna.
  4710 | D:6      | Noticed Grinder
  4724 | D:6      | Killed Grinder
  4724 | D:6      | Reached skill level 11 in Hexes
  4724 | D:6      | Reached XP level 8. HP: 41/54 MP: 6/13
  4738 | D:6      | Noticed Mrmini231's ghost (experienced DsIE)
  4757 | D:6      | Killed Mrmini231's ghost
  4757 | D:6      | Acquired Dithmenos' first power
  4757 | D:6      | Reached skill level 12 in Hexes
  4834 | D:6      | Reached skill level 10 in Stealth
  4844 | D:6      | Found Bohadauq's Assorted Antiques.
  4858 | D:6      | Bought a scroll labeled SEPEUTZE RAPER for 26 gold pieces
  4858 | D:6      | Bought a bubbling green potion for 23 gold pieces
  4911 | D:6      | Noticed Eustachio
  4925 | D:6      | Killed Eustachio
  4925 | D:6      | Reached skill level 13 in Hexes
  4973 | D:6      | Reached XP level 9. HP: 59/59 MP: 14/14
  5344 | D:6      | Learned a level 2 spell: Ensorcelled Hibernation
  5405 | D:7      | Reached skill level 14 in Hexes
  5686 | D:7      | Found Madasis' Assorted Antiques.
  5700 | D:7      | Bought a metallic purple potion for 22 gold pieces
  5700 | D:7      | Bought a red potion for 22 gold pieces
  5706 | D:7      | Acquired Dithmenos' second power
  5975 | D:8      | Noticed Psyche
  5982 | D:8      | Killed Psyche
  5982 | D:8      | Reached skill level 15 in Hexes
  6221 | D:8      | Reached XP level 10. HP: 51/65 MP: 3/16
  6325 | D:8      | Reached skill level 16 in Hexes
  6373 | D:8      | Paralysed by a giant eyeball for 2 turns
  6998 | D:9      | Found a bloodstained altar of Trog.
  7337 | D:9      | Reached skill level 17 in Hexes
  7496 | D:9      | Found a blossoming altar of Fedhas.
  7579 | D:10     | Entered Level 10 of the Dungeon
  7612 | D:10     | Acquired Dithmenos' third power
  7853 | D:10     | Reached skill level 5 in Short Blades
  7858 | D:10     | Reached XP level 11. HP: 70/70 MP: 11/17
  7894 | D:10     | Noticed a centaur warrior
  7896 | D:10     | Killed a centaur warrior
  7896 | D:10     | Reached skill level 18 in Hexes
  7997 | D:10     | Noticed Grum
  7999 | D:10     | Killed Grum
  8238 | D:10     | Noticed an unseen horror
  8245 | D:10     | Killed an unseen horror
  8362 | D:11     | Acquired Dithmenos' fourth power
  8386 | D:11     | Noticed a hill giant
  8390 | D:11     | Found a staircase to the Lair.
  8392 | D:11     | Killed a hill giant
  8395 | D:11     | Noticed a hill giant
  8404 | D:11     | Killed a hill giant
  8868 | D:11     | Noticed Harold
  8879 | D:11     | Killed Harold
  8879 | D:11     | Reached skill level 15 in Stealth
  8879 | D:11     | Reached skill level 19 in Hexes
  9063 | D:11     | Found a staircase to the Orcish Mines.
  9246 | Lair:1   | Entered Level 1 of the Lair of Beasts
  9261 | Lair:1   | You fall through a shaft!
  9411 | Lair:2   | Found a white marble altar of Elyvilon.
  9879 | Lair:1   | Noticed a four-headed hydra
  9903 | Lair:1   | Killed a four-headed hydra
  9903 | Lair:1   | Reached XP level 12. HP: 76/76 MP: 11/18
 10285 | Lair:1   | Noticed a seven-headed hydra
 10297 | Lair:1   | Killed a seven-headed hydra
 10297 | Lair:1   | Reached skill level 20 in Hexes
 10622 | Lair:2   | You fall through a shaft!
 10904 | Lair:3   | Identified a scroll of acquirement
 11146 | Lair:3   | Reached skill level 1 in Shields
 11204 | Lair:3   | Identified a +2 cloak of preservation (You found it on level 3 of the Lair of Beasts)
 11273 | Lair:3   | Found a staircase to the Swamp.
 11626 | Lair:4   | Noticed an eight-headed hydra
 11634 | Lair:4   | Killed an eight-headed hydra
 11644 | Lair:4   | Found a frozen archway.
 11817 | IceCv    | Entered an ice cave
 12230 | IceCv    | Learned a level 2 spell: Sure Blade
 12230 | IceCv    | Noticed an ice dragon
 12231 | IceCv    | Noticed an ice dragon
 12324 | IceCv    | Killed an ice dragon
 12327 | IceCv    | Killed an ice dragon
 12602 | Lair:4   | Reached XP level 13. HP: 63/81 MP: 6/19
 12606 | Lair:4   | Reached skill level 5 in Shields
 12728 | Lair:4   | Reached skill level 21 in Hexes
 13322 | Lair:5   | Found a staircase to the Snake Pit.
 13941 | Lair:6   | Found a labyrinth entrance.
 13951 | Lab      | Entered a labyrinth
 14070 | Lab      | Got a tattered robe
 14076 | Lab      | Identified the +2 robe of Surcheat {rN+ Curse} (You found it in a labyrinth)
 14128 | Lair:6   | Reached skill level 10 in Short Blades
 14226 | Lair:6   | Found a staircase to the Slime Pits.
 14226 | Lair:6   | Found a viscous altar of Jiyva.
 14491 | Lair:6   | Gained mutation: Your muscles are strong. (Str +2) [potion of beneficial mutation]
 15036 | Lair:7   | Reached skill level 1 in Charms
 15399 | Lair:7   | Reached XP level 14. HP: 88/88 MP: 16/20
 15697 | Lair:7   | Reached skill level 5 in Charms
 16299 | Lair:8   | Entered Level 8 of the Lair of Beasts
 16326 | Lair:8   | Reached skill level 22 in Hexes
 16804 | Lair:8   | Identified Sif Muna's Guide on Intoxication (You found it on level 8 of the Lair of Beasts)
 17561 | D:11     | Learned a level 4 spell: Enslavement
 18504 | D:13     | Reached XP level 15. HP: 95/95 MP: 15/21
 19463 | D:13     | Noticed pacovf's ghost (powerful KoBe)
 19499 | D:13     | Killed pacovf's ghost
 19499 | D:13     | Reached skill level 10 in Charms
 19527 | D:13     | Noticed Nessos
 19841 | D:13     | Killed Nessos
 19854 | D:13     | Got a jewelled leather armour
 19855 | D:13     | Identified the cursed +2 leather armour of the Saviour {rPois} (You found it on level 13 of the Dungeon)
 20234 | D:5      | Bought a manual of Armour for 1435 gold pieces
 20536 | D:14     | Reached skill level 1 in Armour
 20574 | D:14     | Got a faintly glowing dagger
 20575 | D:14     | Identified the +7,+7 dagger "Leots" {venom, +Inv rN+} (You found it on level 14 of the Dungeon)
 20965 | D:14     | Found a gate to the Vaults.
 21001 | D:14     | Noticed Snorg
 21040 | D:14     | Killed Snorg
 21404 | D:15     | Entered Level 15 of the Dungeon
 21431 | D:15     | Reached skill level 23 in Hexes
 21515 | D:15     | Got a transparent chain mail
 21712 | D:15     | Reached skill level 5 in Armour
 22263 | D:15     | Identified the cursed +8 chain mail of the Heron {+Rage Stlth} (You found it on level 15 of the Dungeon)
 22563 | D:16     | Entered Level 16 of the Dungeon
 22717 | D:16     | Noticed surr's ghost (powerful SpWz)
 22950 | D:16     | Found Skialo's General Store.
 22959 | D:16     | Bought a scroll of identify for 32 gold pieces
 23056 | D:16     | Noticed Maud
 23064 | D:16     | Killed Maud
 23102 | D:16     | Killed surr's ghost
 23295 | D:16     | Found a staircase to the Depths.
 23380 | D:16     | Reached XP level 16. HP: 95/103 MP: 21/21
 23770 | Swamp:1  | Entered Level 1 of the Swamp
 23781 | Swamp:1  | Noticed Econoterrorist's ghost (mighty GrFi)
 23790 | Swamp:1  | Killed Econoterrorist's ghost
 23964 | Swamp:1  | Upgraded the game from 0.14-a0-3109-ga7442b6 to 0.14-a0-3134-g2c86dbf
 24902 | Swamp:2  | Learned a level 3 spell: Flight
 24980 | Swamp:2  | Noticed Louise
 25167 | Swamp:2  | Killed Louise
 25187 | Swamp:2  | Reached skill level 10 in Armour
 25764 | Swamp:3  | HP: 2/103 [spriggan rider/spear[a spriggan druid] (5)]
 25766 | Swamp:3  | Slain by a raven

Action                   |  1- 3 |  4- 6 |  7- 9 | 10-12 | 13-15 | 16-18 || total
-------------------------+-------+-------+-------+-------+-------+-------++-------
Melee: Dagger            |   168 |   248 |   273 |   498 |   925 |   230 ||  2342
       Cutlass           |       |       |     5 |    16 |       |       ||    21
       Unarmed           |       |       |       |       |     5 |     5 ||    10
Throw: Dart              |       |       |     4 |     1 |       |       ||     5
 Cast: Corona            |    13 |       |       |       |       |       ||    13
       Confuse           |     3 |    20 |    14 |     8 |    14 |     1 ||    60
       Invisibility      |       |       |     7 |    25 |    38 |    11 ||    81
       Ensorcelled Hiber |       |       |    22 |    66 |   119 |    22 ||   229
       Sure Blade        |       |       |       |       |     5 |    18 ||    23
       Enslavement       |       |       |       |       |     5 |     2 ||     7
       Flight            |       |       |       |       |       |     5 ||     5
 Abil: Bat Form          |       |       |       |     1 |     3 |     7 ||    11
       End Transformatio |       |       |       |     1 |     3 |     6 ||    10
Evoke: Wand              |       |       |       |       |     7 |       ||     7
  Use: Potion            |     2 |     7 |     3 |    11 |     5 |       ||    28
       Scroll            |       |     7 |     4 |    13 |    18 |     4 ||    46
 Stab: Sleeping          |     7 |    11 |    51 |   212 |   392 |    54 ||   727
       Confused          |     2 |     8 |    11 |     8 |     5 |     3 ||    37
       Distracted        |       |       |     2 |     4 |     7 |       ||    13
       Invisible         |       |       |     4 |    27 |    96 |     9 ||   136
       Paralysed         |       |       |       |       |     1 |     2 ||     3
       Betrayed ally     |       |       |       |       |     1 |       ||     1
